 Seeded DCSS version 0.29-a0-234-g0dae59b3db (webtiles) character file.

Game seed: 12345678 (custom seed)

2 jij1949 the Magician (level 1, 0/16 HPs)
             Began as a Mummy Warper on Mar 3, 2022.
             Slain by a quokka (2 damage)
             ... on level 1 of the Dungeon.
             The game lasted 00:00:35 (74 turns).

jij1949 the Magician (Mummy Warper)                   Turns: 74, Time: 00:00:35

Health: 0/16       AC:  3    Str: 14    XL:     1   Next: 25%
Magic:  4/4        EV: 11    Int: 12    God:
Gold:   0          SH:  0    Dex: 11    Spells: 5/5 levels left

rFire   x . .      SeeInvis .   a - +0 hand axe
rCold   + . .      Faith    .   (no shield)
rNeg    + + +      Spirit   .   b - +0 leather armour
rPois   ∞          Reflect  .   (no helmet)
rElec   .          Harm     .   (no cloak)
rCorr   .          Rampage  .   (no gloves)
Will    .....                   (no boots)
Stlth   +.........              (no amulet)
HPRegen 0.05/turn               (no ring)
MPRegen 0.09/turn               (no ring)

@: no status effects
A: cold resistance 1, negative energy resistance 3, torment resistance 2, heat
vulnerability 1, no potions
a: no special abilities


You were on level 1 of the Dungeon.
You visited 1 branch of the dungeon, and saw 1 of its levels.

Inventory:

Hand Weapons
 a - a +0 hand axe (weapon)
Missiles
 d - 5 boomerangs of dispersal (quivered)
Armour
 b - a +0 leather armour (worn)
Jewellery
 e - a +6 ring of dexterity
Scrolls
 c - a scroll of blinking


   Skills:
 + Level 2.0 Fighting
 + Level 1.5 Axes
 + Level 0.7 Throwing
 + Level 0.7 Armour
 + Level 1.5 Dodging
 + Level 2.8 Spellcasting
 + Level 2.4 Translocations


You had 5 spell levels left.
You didn't know any spells.
Your spell library contained the following spells:

 Spells                   Type           Power      Damage    Failure   Level
 Blink                    Tloc           14%        N/A       17%         2
 Shock                    Conj/Air       4%         1d3       32%         1
 Gell's Gravitas          Tloc           7%         N/A       34%         3
 Lesser Beckoning         Tloc           7%         N/A       34%         3
 Teleport Other           Tloc           7%         N/A       34%         3
 Corpse Rot               Necr/Air       2%         N/A       43%         2
 Poisonous Vapours        Pois/Air       2%         N/A       43%         2
 Summon Lightning Spire   Summ/Air       1%         N/A       97%         4
 Manifold Assault         Tloc           7%         N/A       97%         5


Dungeon Overview and Level Annotations

Branches:
Dungeon (1/15)

Altars:


Innate Abilities, Weirdness & Mutations

You are immune to poison.
Your flesh is cold resistant. (rC+)
You are immune to negative energy. (rN+++)
You are immune to unholy pain and torment.
You are vulnerable to heat. (rF-)
You do not drink.


Message History

The kobold shouts!
The quokka barely misses you.
The quokka bites you but does no damage.
You see here 4 gold pieces.
You closely miss the quokka. The quokka bites you.
You closely miss the quokka. You barely miss the kobold.
The quokka closely misses you.
The quokka bites you but does no damage.
The kobold hits you with a +0 dagger.
You barely miss the quokka. You hit the kobold.
The quokka bites you but does no damage.
The kobold barely misses you.
You hit the quokka but do no damage. You hit the kobold. The quokka bites you.
The kobold closely misses you. The quokka barely misses you.
The kobold hits you but does no damage.
You closely miss the kobold.
The kobold is severely wounded.
You hit the kobold.
You kill the kobold!
You barely miss the quokka. The quokka barely misses you.
The kobold hits you with a +0 dagger.
You hit the kobold but do no damage.
The kobold is severely wounded.
You hit the quokka but do no damage.
The quokka bites you but does no damage.
The kobold barely misses you. The quokka barely misses you.
You hit the quokka but do no damage. You hit the kobold.
You kill the kobold!
The quokka bites you. The quokka bites you.
* * * LOW HITPOINT WARNING * * *
A hobgoblin comes into view.
The quokka misses you.
Things that are here:
a +0 dagger; a kobold corpse You hit the quokka but do no damage.
The quokka barely misses you.
You closely miss the quokka. The quokka bites you.
* * * LOW HITPOINT WARNING * * *
The quokka bites you.
You die...

.... ..?... #... ...... ..#...#
# # ....## ###.#....######..
....## .......#..##....##
####...# #...... #.##.###≈##
##≈###..#
.......##....##≈♣≈#####≈♣≈#....
#......#......≈♣⌠♣≈≈≈≈≈♣⌠♣≈.##.
#.....####.@≈♣.......♣≈..##.
###..## #.r$≈...<...≈...##.
#####.######)≈♣........≈.###.
#.....>.K.##≈♣⌠♣≈≈≈≈≈.⌠P≈# #.
#.###...#..#.≈♣≈..###≈P≈## ##
###.......≈...# ##≈## #
###..#......## ########
##.........#####.....
#.......>...........


You could see a quokka.

Vanquished Creatures
  2 kobolds (D:1)
  2 toadstools (D:1)
4 creatures vanquished.

Notes
Turn   | Place    | Note
-------+----------+-------------------------------------------
     0 | D:1      | jij1949 the Mummy Warper began the quest for the Orb.
     0 | D:1      | Reached XP level 1. HP: 16/16 MP: 4/4
    47 | D:1      | Got Boakea's Compendium of the Birds
    74 | D:1      | Slain by a quokka

Illustrated notes

Levels and vault maps discovered:
D:1:      ldierk_water_garden, layout_rooms, hellmonk_ecumenical_altar_lost_god,
          minmay_misc_feat_roman

Action                   || total
-------------------------++-------
Melee: Hand axe          ||    11
Armor: Leather armour    ||     6
Dodge: Dodged            ||    16

Table legend: (Time is in decaauts)
 A = Elapsed time spent in this place.
 B = Non-inter-level travel time spent in this place.
 C = Inter-level travel time spent in this place.
 D = Time resting spent in this place.
 E = Time spent auto-exploring this place.
 F = Levels seen in this place.
 G = Mean time per level.
                   A        B        C        D        E       F      G
               +--------+--------+--------+--------+--------+-----+--------+
         Total |     76 |     62 |     14 |      0 |      0 |   1 |   76.0 |
       Dungeon |     76 |     62 |     14 |      0 |      0 |   1 |   76.0 |
               +--------+--------+--------+--------+--------+-----+--------+

Top non-repeatable levels by time:
     D:1: 76 daAuts
